 Dungeon Crawl Stone Soup version 0.23-a0-643-g9ccc95a (webtiles) character file.

21 rgaf the Skirmisher (level 2, 29/29 HPs)
             Began as a Gnoll Wanderer on Dec 31, 2018.
             Quit the game on level 1 of the Dungeon.
             The game lasted 00:00:40 (430 turns).

rgaf the Skirmisher (Gnoll Wanderer)                 Turns: 430, Time: 00:00:40

Health: 29/29      AC:  6    Str: 15    XL:     2   Next: 83%
Magic:  2/2        EV: 12    Int: 11    God:
Gold:   8          SH:  0    Dex: 16    Spells: 2/2 levels left

rFire    . . .     SeeInvis .   c - +0 spear
rCold    . . .     Gourm    .   (no shield)
rNeg     . . .     Faith    .   d - +0 ring mail
rPois    .         Spirit   .   (no helmet)
rElec    .         Reflect  .   (no cloak)
rCorr    .         Harm     .   (no gloves)
MR       .....                  (no boots)
Stlth    +.........             (no amulet)
HPRegen  0.09/turn              (no ring)
MPRegen  0.08/turn              (no ring)

@: no status effects
A: distributed training, fangs 1, strong nose
a: no special abilities


You were on level 1 of the Dungeon.
You were not hungry.

You visited 1 branch of the dungeon, and saw 1 of its levels.

You collected 8 gold pieces.

Inventory:

Hand Weapons
 b - a +2 blowgun
 c - a +0 spear (weapon)
Missiles
 a - a curare-tipped needle
Armour
 d - a +0 ring mail (worn)
Scrolls
 e - a scroll of identify {unknown}
Comestibles
 f - a ration
 g - 3 chunks of flesh


   Skills:
 + Level 6.5 Fighting
 + Level 0.5 Short Blades
 + Level 0.5 Long Blades
 + Level 0.5 Axes
 + Level 2.5 Maces & Flails
 + Level 2.5 Polearms
 + Level 0.5 Staves
 + Level 0.5 Slings
 + Level 0.5 Bows
 + Level 0.5 Crossbows
 + Level 4.5 Throwing
 + Level 4.5 Armour
 + Level 2.5 Dodging
 + Level 0.5 Stealth
 + Level 0.5 Shields
 + Level 0.5 Unarmed Combat
 + Level 0.5 Spellcasting
 + Level 0.3 Conjurations
 + Level 0.3 Hexes
 + Level 0.3 Charms
 + Level 0.3 Summonings
 + Level 0.3 Necromancy
 + Level 0.3 Translocations
 + Level 0.3 Transmutations
 + Level 0.3 Fire Magic
 + Level 0.3 Ice Magic
 + Level 0.3 Air Magic
 + Level 0.3 Earth Magic
 + Level 0.3 Poison Magic
 + Level 0.6 Invocations
 + Level 0.5 Evocations


You had 2 spell levels left.
You didn't know any spells.
Your spell library was empty.

Dungeon Overview and Level Annotations

Branches:
Dungeon (1/15)

Altars:


Innate Abilities, Weirdness & Mutations

Your experience applies equally to all skills.
You have very sharp teeth.
Your uncanny sense of smell can sniff out nearby items.


Message History

You hit the ooze. Your bite misses the ooze.
The ooze is severely wounded.
The ooze hits you but does no damage.
You hit the ooze but do no damage. You bite the ooze.
The ooze is almost dead.
The ooze closely misses you.
You hit the ooze.
You kill the ooze!
No target in view!
No target in view!
You start resting.
HP restored.
Found a stone staircase leading down.
Some of the chunks of flesh in your inventory have rotted away.
You open the door.
A dart slug comes into view.
Found a scroll labeled KYPYNK LUPHA.
There is an open door here.
A dart slug is nearby!
Are you sure you want to abandon this character and quit the game? (Confirm

# #.................#
#.#.#.#.#
#####.......########..#
#.#.#.#.# ..............
#..# #.#.#.#.#
#####.......## #..#
#.#.#.#.# #####.......#
#####.###)#.#.#.#
......#######
#.........)......
......#
#.###..##.#.#.#.#
......#
######+#'###.....#.#.#.#
...####
.......@..##.........#.#
...#
.......w..##.....#.###.#
...#
...?......##.#+#.#.....#
...#
..........##.#..........
######
######+#.###.##..#######
.....# #.# #............
.....# #.# ####..#######
.....# #.# #..# ###### #
#. #..#


You could see a dart slug.

Vanquished Creatures
  An ooze (D:1)
  2 dart slugs (D:1)
  A leopard gecko (D:1)
  A hobgoblin (D:1)
  4 jackals (D:1)
  A goblin (D:1)
  A kobold (D:1)
11 creatures vanquished.

Notes
Turn   | Place    | Note
-------+----------+-------------------------------------------
     0 | D:1      | rgaf the Gnoll Wanderer began the quest for the Orb.
     0 | D:1      | rgaf set off with the following items: a curare-tipped
                  | needle, a +2 blowgun, a +0 spear, a +0 ring mail, a ration
     0 | D:1      | Reached XP level 1. HP: 23/23 MP: 1/1
   191 | D:1      | Reached XP level 2. HP: 29/29 MP: 2/2
   430 | D:1      | Quit the game

Vault maps used:
D:1:      tarquinn_simple_flora_water_c

Action                   || total
-------------------------++-------
Melee: Spear             ||    59
       Bite              ||     5
Armor: Ring mail         ||    25
Dodge: Dodged            ||    23

Table legend:
 A = Non-vault XP
 B = Vault XP
 C = Vault XP percentage of total XP
 D = Non-vault monster count
 E = Vault monster count
 F = Vault count percentage of total count
                 A         B        C        D         E       F
            +---------+---------+-------+---------+---------+-------
      Total |      30 |       0 |   0.0 |      11 |       0 |   0.0
            +---------+---------+-------+---------+---------+-------
        D:1 |      30 |       0 |   0.0 |      11 |       0 |   0.0
            +---------+---------+-------+---------+---------+-------
